 Dungeon Crawl Stone Soup version 0.30-a0-368-g86fb4627a9 (webtiles) character file.

Game seed: 17856326264677556624

51 bande the Trooper (level 3, -3/24 HPs)
             Began as a Gargoyle Fighter on Nov 20, 2022.
             Killed from afar by an orc wizard (7 damage)
             ... with a magic dart
             ... on level 3 of the Dungeon.
             The game lasted 00:03:12 (1770 turns).

bande the Trooper (Gargoyle Fighter)                Turns: 1770, Time: 00:03:13

Health: -3/24      AC: 11    Str: 19    XL:     3   Next: 81%
Magic:  3/3        EV:  9    Int:  8    God:
Gold:   93         SH:  0    Dex: 11    Spells: 2/2 levels left

rFire   . . .      SeeInvis +    a - +0 war axe
rCold   + . .      Faith    .    c - +0 buckler
rNeg    + . .      Spirit   .    b - +0 scale mail
rPois   ∞          Reflect  +    (no helmet)
rElec   +          Harm     .    (no cloak)
rCorr   .          Rampage  .    l - +0 pair of gloves
Will    .....                    (no boots)
Stlth   ..........               p - amulet of reflection
HPRegen 0.24/turn                h - ring of see invisible
MPRegen 0.08/turn                m - ring of protection from cold

@: confused
A: sickness immunity, AC +3, negative energy resistance 1, electricity
resistance, torment resistance 1, petrification resistance
a: no special abilities


You were on level 3 of the Dungeon.
You visited 1 branch of the dungeon, and saw 3 of its levels.

You collected 93 gold pieces.

Inventory:

Hand Weapons
 a - a +0 war axe (weapon)
Armour
 b - a +0 scale mail (worn)
 c - a +0 buckler (worn)
 l - a +0 pair of gloves (worn)
Jewellery
 h - a ring of see invisible (left hand)
 m - a ring of protection from cold (right hand)
 o - the amulet "Jearoor" {Acrobat -Tele Rampage rN+++}
   (You found it on level 2 of the Dungeon)

   [amulet of the acrobat]

   It increases your evasion while moving and waiting.
   rN:        It renders you almost immune to negative energy.
   -Tele:     It prevents most forms of teleportation.
   Rampage:   It bestows one free step when moving towards enemies.
 p - an amulet of reflection (around neck)
Scrolls
 g - 2 scrolls of butterflies {unknown}
 n - a scroll of enchant armour {unknown}
 q - 2 scrolls of identify {unknown}
 r - 2 scrolls of blinking {unknown}
 u - a scroll of acquirement {unknown}
 v - a scroll of fear {unknown}
Potions
 d - 3 potions of might
 e - a potion of mutation {unknown}
 i - 2 potions of attraction {unknown}
 j - a potion of flight {unknown}
 k - a potion of heal wounds {unknown}
 s - a potion of lignification {unknown}
 t - a potion of curing {unknown}
 w - a potion of brilliance {unknown}


   Skills:
 + Level 4.3 Fighting
 + Level 2.3 Axes
 + Level 3.4 Armour
 + Level 3.5 Shields


You had 2 spell levels left.
You didn't know any spells.
Your spell library contained the following spells:

 Spells                   Type           Power      Damage    Failure   Level
 Kiss of Death            Conj/Necr      0%         2d5       86%         1
 Magic Dart               Conj           0%         1d3       86%         1
 Call Imp                 Summ           0%         N/A       95%         2
 Confusing Touch          Hex            0%         N/A       99%         3
 Frozen Ramparts          Ice            0%         1d1       99%         3
 Mephitic Cloud           Conj/Pois/Air  0%         N/A       99%         3
 Dispel Undead            Necr           0%         3d6       100%        4
 Ice Form                 Ice/Tmut       0%         N/A       100%        4
 Summon Ice Beast         Ice/Summ       0%         N/A       100%        4
 Death Channel            Necr           0%         N/A       100%        6
 Cigotuvi's Dreadful Rot  Necr/Pois/Air  Unusable   N/A       N/A         2

Dungeon Overview and Level Annotations

Branches:
Dungeon (3/15)

Altars:

Shops:
D:1 =


Innate Abilities, Weirdness & Mutations

You are immune to sickness and miasma.
Your stone body is resilient. (AC +3)
You are immune to poison.
You resist negative energy. (rN+)
You are resistant to electric shocks. (rElec)
You are resistant to unholy torment.
You are immune to petrification.


Message History

The orc wizard hits you with a +0 dagger. x2
* * * LOW HITPOINT WARNING * * *
You closely miss the orc wizard.
The orc wizard is moderately wounded.
You miss the orc wizard. The orc wizard barely misses you.
The orc wizard hits you but does no damage. x2
The orc wizard points at you and mumbles some strange words.
The magic dart hits you.
* * * LOW HITPOINT WARNING * * *
You closely miss the orc wizard.
The orc wizard is moderately wounded.
You closely miss the orc wizard.
The orc wizard hits you but does no damage.
The orc wizard closely misses you.
You hit the orc wizard.
The orc wizard is heavily wounded.
You barely miss the orc wizard.
You feel less confused. You block the orc wizard's attack.
The orc wizard hits you but does no damage. x2
The orc wizard barely misses you.
You hit the orc wizard.
The orc wizard is heavily wounded.
You closely miss the orc wizard. The orc wizard casts a spell at you.
You are confused.
The orc wizard points at you and mumbles some strange words.
You resist with significant effort.
You're too confused to move!
The orc wizard casts a spell at you.
The magic dart hits you but does no damage.
The orc wizard barely misses you.
You miss the orc wizard.
The orc wizard is heavily wounded.
You barely miss the orc wizard. The orc wizard barely misses you.
The orc wizard hits you with a +0 dagger.
* * * LOW HITPOINT WARNING * * *
The orc wizard casts a spell at you. The magic dart hits you!
You die...

#... .. # #. .# #. #. #
#.... #.# #.#
.##.###...#.#.####
#..#.#.#.>.#.#.#.#.#.#.
##.#.#.#.#.#.#.#.#.#.#.#
!...#.#.#.#.#.#.#.#.#.#.
#.#.#.#.#.#.#.#.#.#K#g#
..#.#@#.#.#.#.#.#.#.#K
###.#o#o#.#.#.#J#.#.#.#
.o#.#.#o#.#.#.#.#.#.#.
#.#.#.#.#.#.#.#.#.#.#
$.#.#)#.#.#.#.#.#.#.#.
###.#.#o#.#.#.#.#.#.#.#
#.#.#.#)#.#.#.#.#.#.#.
..#.#.#.#.#.#.#.#.#.#.#
#..#.#.#.#.#.#.#.#.#.#.


You could see 2 orc wizards and an orc.

Vanquished Creatures
  2 worms (D:2)
  An orc (D:3)
  7 endoplasms
  3 goblins (D:1)
  7 hobgoblins
  3 kobolds
  A quokka (D:2)
  5 ball pythons
  6 bats
  A frilled lizard (D:1)
  4 rats
40 creatures vanquished.

Notes
Turn   | Place    | Note
-------+----------+-------------------------------------------
     0 | D:1      | bande the Gargoyle Fighter began the quest for the Orb.
     0 | D:1      | Reached XP level 1. HP: 14/14 MP: 1/1
   120 | D:1      | Reached XP level 2. HP: 20/20 MP: 2/2
   236 | D:1      | Found a faded altar of an unknown god.
   274 | D:1      | Found Diutit's Jewellery Boutique.
   644 | D:1      | Reached skill level 4 in Fighting
   758 | D:1      | Reached XP level 3. HP: 24/24 MP: 3/3
   821 | D:2      | Identified the amulet "Jearoor" {Acrobat -Tele Rampage
                  | rN+++}
  1770 | D:3      | Killed from afar by an orc wizard

Illustrated notes

Levels and vault maps discovered:
D:1:      ncdulo_smallfort, layout_basic, ebering_ecumenical_altar_mist,
          serial_shops, nicolae_diamond_shop
D:2:      layout_loops_corners, nrook_campfire
D:3:      layout_basic, mainiacjoe_overflow_alcove_4,
          biasface_ghost_orc_armoury, guppyfry_early_orc_mine

Skill      XL: |  1  2 |
---------------+-------+-----
Axes           | 2 |  2.3
Fighting       | 4 |  4.3
Armour         | |  3.4
Shields        | |  3.5

Action                   || total
-------------------------++-------
Melee: War axe           ||   106
  Use: Scroll            ||     1
Armor: Scale mail        ||    59
Dodge: Dodged            ||    65
Block: Buckler           ||    21

Table legend: (Time is in decaauts)
 A = Elapsed time spent in this place.
 B = Non-inter-level travel time spent in this place.
 C = Inter-level travel time spent in this place.
 D = Time resting spent in this place.
 E = Time spent auto-exploring this place.
 F = Levels seen in this place.
 G = Mean time per level.
                   A        B        C        D        E       F      G
               +--------+--------+--------+--------+--------+-----+--------+
         Total |   1814 |   1814 |      0 |      0 |   1441 |   3 |  604.7 |
       Dungeon |   1814 |   1814 |      0 |      0 |   1441 |   3 |  604.7 |
               +--------+--------+--------+--------+--------+-----+--------+

Top non-repeatable levels by time:
     D:2: 943 daAuts
     D:1: 787 daAuts
     D:3: 83 daAuts
